 Dungeon Crawl Stone Soup version 0.31-a0-806-g0bc164a743 (webtiles) character file.

Game seed: 18290054191330148433

64 Nedwor the Trooper (level 3, -1/29 HPs)
             Began as a Demonspawn Fighter on Sept 21, 2023.
             Killed from afar by an orc wizard (5 damage)
             ... with a magic dart
             ... on level 3 of the Dungeon.
             The game lasted 00:02:11 (1549 turns).

Nedwor the Trooper (Demonspawn Fighter)             Turns: 1549, Time: 00:02:12

Health: -1/29      AC:  6    Str: 18    XL:     3   Next: 91%
Magic:  3/3        EV:  9    Int:  9    God:
Gold:   88         SH:  4    Dex: 12    Spells: 2/2 levels left

rFire   . . .        a - +0 rapier
rCold   . . .        c - +0 buckler
rNeg    . . .        b - +0 scale mail
rPois   .            (no helmet)
rElec   .            (no cloak)
rCorr   .            (no gloves)
SInv    .            (no boots)
Will    .....        (no amulet) Stlth
                     (no ring)
HPRegen 0.24/turn    (no ring)
MPRegen 0.08/turn

%: no passive effects
@: no status effects
A: ignite blood 1
a: no special abilities


You were on level 3 of the Dungeon.
You visited 1 branch of the dungeon, and saw 3 of its levels.

You collected 88 gold pieces.

Inventory:

Hand Weapons
 a - a +0 rapier (weapon)
Armour
 b - a +0 scale mail (worn)
 c - a +0 buckler (worn)
Scrolls
 e - 6 scrolls of identify {unknown}
 f - a scroll of immolation {unknown}
 g - 2 scrolls of summoning {unknown}
Potions
 d - a potion of might


   Skills:
 + Level 3.4 Fighting
 * Level 2.8 Short Blades
 + Level 3.1 Armour
 + Level 3.1 Shields


You had 2 spell levels left.
You didn't know any spells.
Your spell library was empty.

Dungeon Overview and Level Annotations

Branches:
Dungeon (3/15)

Altars:


Innate Abilities, Weirdness & Mutations

Your demonic aura sometimes causes spilled blood to erupt in flames.


Message History

You kill the goblin!
The orc wizard gestures at you while chanting.
You are confused.
You are too confused!
You are too confused!
You are too confused!
You are too confused!
You are too confused!
You are too confused!
You are too confused!
You are too confused!
The orc wizard hits you but does no damage.
The orc wizard points at you and mumbles some strange words.
You are more confused.
The orc wizard barely misses you.
The orc wizard hits you but does no damage.
You bump into the rock wall.
The orc wizard hits you with a +0 dagger.
The orc wizard casts a spell at you. The magic dart hits you.
The orc wizard hits you with a +0 dagger.
The orc wizard points at you and mumbles some strange words.
The puff of flame hits you!
* * * LOW HITPOINT WARNING * * *
You closely miss the orc wizard.
The orc wizard points at you and mumbles some strange words.
The puff of flame hits you.
* * * LOW HITPOINT WARNING * * *
The orc wizard closely misses you.
You closely miss the orc wizard.
You feel less confused.
The orc wizard hits you with a +0 dagger.
* * * LOW HITPOINT WARNING * * *
You closely miss the orc wizard. The orc wizard barely misses you.
You closely miss the orc wizard.
The orc wizard hits you but does no damage.
You hit the orc wizard but do no damage.
The orc wizard points at you and mumbles some strange words.
The magic dart hits you.
You die...

#........ #
#.......
.##.##......
..........
"##.##....
........#
###.#.#..#####..#
......†..........
......)o@##..##.#
......†..# .#
.........?...#
###........#.#
.........#...
###.###...$....
... .>........
... )......... ##
##.........


You could see an orc wizard.

Vanquished Creatures
  2 worms (D:2)
  An orc (D:2)
  6 ball pythons
  3 bats
  5 endoplasms
  4 giant cockroaches
  5 goblins
  8 hobgoblins
  5 frilled lizards
  6 kobolds
  6 rats
51 creatures vanquished.

Notes
Turn   | Place    | Note
-------+----------+-------------------------------------------
     0 | D:1      | Nedwor the Demonspawn Fighter began the quest for the Orb.
     0 | D:1      | Reached XP level 1. HP: 18/18 MP: 1/1
   316 | D:1      | Gained mutation: Your demonic aura sometimes causes spilled
                  | blood to erupt in flames. [demonic ancestry]
   316 | D:1      | Reached XP level 2. HP: 17/24 MP: 2/2
   563 | D:1      | Found a faded altar of an unknown god.
   747 | D:2      | Reached XP level 3. HP: 16/29 MP: 3/3
  1549 | D:3      | Killed from afar by an orc wizard

Illustrated notes

Levels and vault maps discovered:
D:1:      dpeg_arrival_long_road, layout_rooms,
          dreamdust_ecumenical_altar_angels_and_demons,
          minmay_misc_feat_more_columns, minmay_bisected
D:2:      layout_rooms, columned_hall_lemuel
D:3:      layout_basic, marbit_many_paths, uniq_ijyb, uniq_robin

Skill      XL: |  1  2  3 |
---------------+----------+-----
Short Blades   | 2 |  2.8
Armour         | 3 |  3.1
Shields        | 3 |  3.1
Fighting       | |  3.4

Action                     || total
---------------------------++-------
  Melee: Rapier            ||   191
 Armour: Scale mail        ||   165
  Dodge: Dodged            ||    71
  Block: Buckler           ||    47

Table legend: (Time is in decaauts)
 A = Elapsed time spent in this place.
 B = Non-inter-level travel time spent in this place.
 C = Inter-level travel time spent in this place.
 D = Time resting spent in this place.
 E = Time spent auto-exploring this place.
 F = Levels seen in this place.
 G = Mean time per level.
                   A        B        C        D        E       F      G
               +--------+--------+--------+--------+--------+-----+--------+
         Total |   1571 |   1525 |     46 |    148 |   1032 |   3 |  523.7 |
       Dungeon |   1571 |   1525 |     46 |    148 |   1032 |   3 |  523.7 |
               +--------+--------+--------+--------+--------+-----+--------+

Top non-repeatable levels by time:
     D:2: 840 daAuts
     D:1: 705 daAuts
     D:3: 24 daAuts
